2890 views
Uploaded 2020-03-06 13:40:58
Game version 1.32.2
13:37 long 4on4 ladder game on (8)Sanctuary_LV
Saved by iggythefisk
2890 views
Uploaded 2020-03-06 13:40:58
Game version 1.32.2
13:37 long 4on4 ladder game on (8)Sanctuary_LV


127 units @ 12.1k
/ 0.7k
132 buildings @ 9.6k
/ 4.1k


| Staff of Teleportation | 1 | 150 |
| Boots of Speed | 1 | 250 |
| total: | 2 | 400g |
| Peasant | 31 | 2325 | / | 0 |
| total: | 31 | 2325g | / | 0w |
| Scout Tower | 39 | 1170 | / | 780 |
| Arcane Tower | 1 | 70 | / | 50 |
| Guard Tower | 16 | 1120 | / | 800 |
| Altar of Kings | 1 | 180 | / | 50 |
| Lumber Mill | 1 | 120 | / | 0 |
| Farm | 8 | 640 | / | 160 |
| Town Hall | 2 | 770 | / | 410 |
| Keep | 1 | 320 | / | 210 |
| Castle | 1 | 360 | / | 210 |
| total: | 51 | 2880g | / | 1400w |
| 0:00 | Peasant |
| 0:03 | Altar of Kings |
| 0:13 | Peasant |
| 0:18 | Lumber Mill |
| 0:19 | Farm |
| 0:21 | Peasant |
| 0:29 | Peasant |
| 0:46 | Peasant |
| 0:51 | Peasant |
| 0:55 | Farm |
| 1:00 | Scout Tower |
| 1:19 | Peasant |
| 1:27 | Peasant |
| 1:29 | Scout Tower |
| 1:35 | Peasant |
| 1:40 | Arcane Tower |
| 1:58 | Guard Tower |
| 2:14 | Peasant |
| 2:25 | Peasant |
| 2:36 | Blizzard |
| 2:43 | Peasant |
| 3:22 | Brilliance Aura |
| 3:24 | Scout Tower |
| 3:25 | Scout Tower |
| 3:26 | Scout Tower |
| 3:26 | Scout Tower |
| 3:28 | Town Hall |
| 3:32 | Peasant |
| 4:05 | Peasant |
| 4:12 | Farm |
| 4:43 | Guard Tower |
| 5:20 | Blizzard |
| 5:22 | Scout Tower |
| 5:24 | Scout Tower |
| 5:24 | Scout Tower |
| 5:30 | Guard Tower |
| 5:30 | Guard Tower |
| 5:31 | Peasant |
| 5:31 | Peasant |
| 5:32 | Peasant |
| 5:32 | Peasant |
| 6:06 | Town Hall |
| 6:23 | Peasant |
| 6:24 | Peasant |
| 6:26 | Guard Tower |
| 6:26 | Guard Tower |
| 6:28 | Peasant |
| 6:28 | Peasant |
| 6:39 | Staff of Teleportation |
| 6:41 | Boots of Speed |
| 7:01 | Peasant |
| 7:01 | Peasant |
| 7:22 | Peasant |
| 7:23 | Peasant |
| 7:24 | Keep |
| 7:27 | Scout Tower |
| 7:28 | Scout Tower |
| 7:28 | Scout Tower |
| 7:29 | Scout Tower |
| 7:30 | Scout Tower |
| 7:32 | Scout Tower |
| 7:34 | Scout Tower |
| 7:34 | Scout Tower |
| 7:36 | Scout Tower |
| 7:37 | Scout Tower |
| 7:37 | Scout Tower |
| 7:54 | Scout Tower |
| 7:55 | Scout Tower |
| 7:55 | Scout Tower |
| 7:55 | Scout Tower |
| 7:56 | Peasant |
| 7:56 | Peasant |
| 7:59 | Guard Tower |
| 8:40 | Guard Tower |
| 8:43 | Peasant |
| 8:45 | Peasant |
| 8:46 | Guard Tower |
| 9:15 | Brilliance Aura |
| 9:22 | Guard Tower |
| 9:26 | Guard Tower |
| 9:26 | Peasant |
| 9:51 | Castle |
| 10:17 | Guard Tower |
| 10:20 | Scout Tower |
| 10:20 | Scout Tower |
| 10:21 | Scout Tower |
| 10:21 | Scout Tower |
| 10:22 | Scout Tower |
| 10:24 | Improved Masonry |
| 10:58 | Storm Bolt |
| 12:26 | Blizzard |
| 12:47 | Scout Tower |
| 12:47 | Scout Tower |
| 12:48 | Scout Tower |
| 12:54 | Scout Tower |
| 12:55 | Scout Tower |
| 13:01 | Guard Tower |
| 13:04 | Scout Tower |
| 13:05 | Scout Tower |
| 13:08 | Scout Tower |
| 13:14 | Farm |
| 13:15 | Farm |
| 13:18 | Farm |
| 13:19 | Farm |
| 13:22 | Farm |
| 13:26 | Scout Tower |
| 13:38 | Guard Tower |
| 13:40 | Scout Tower |
| Right click | 708 |
| Select | 342 |
| Build/train/purchase | 89 |
| Select group | 85 |
| Assign group | 82 |
| Chat | 50 |
| Use ability | 25 |
| Misc. action | 17 |
| Remove unit | 3 |
| Minimap ping | 2 |
| Item give/drop | 1 |
iggythefisk
(13:41) : 

| Peasant | 39 | 2925 | / | 0 |
| total: | 39 | 2925g | / | 0w |
| Scout Tower | 43 | 1290 | / | 860 |
| Arcane Tower | 3 | 210 | / | 150 |
| Guard Tower | 24 | 1680 | / | 1200 |
| Altar of Kings | 1 | 180 | / | 50 |
| Lumber Mill | 1 | 120 | / | 0 |
| Farm | 3 | 240 | / | 60 |
| Town Hall | 2 | 770 | / | 410 |
| Arcane Vault | 2 | 260 | / | 60 |
| Keep | 1 | 320 | / | 210 |
| Castle | 1 | 360 | / | 210 |
| total: | 52 | 2860g | / | 1440w |
| 0:01 | Peasant |
| 0:06 | Altar of Kings |
| 0:07 | Peasant |
| 0:19 | Peasant |
| 0:21 | Lumber Mill |
| 0:27 | Peasant |
| 0:39 | Farm |
| 0:40 | Peasant |
| 0:49 | Peasant |
| 1:04 | Peasant |
| 1:13 | Peasant |
| 1:22 | Scout Tower |
| 1:30 | Peasant |
| 1:34 | Scout Tower |
| 1:39 | Peasant |
| 1:42 | Peasant |
| 1:48 | Arcane Tower |
| 2:01 | Arcane Tower |
| 2:03 | Scout Tower |
| 2:05 | Summon Water Elemental |
| 2:07 | Peasant |
| 2:19 | Scout Tower |
| 2:20 | Peasant |
| 2:27 | Farm |
| 2:30 | Guard Tower |
| 3:10 | Guard Tower |
| 3:16 | Scout Tower |
| 3:18 | Scout Tower |
| 3:22 | Peasant |
| 3:37 | Farm |
| 3:45 | Guard Tower |
| 3:51 | Scout Tower |
| 3:54 | Brilliance Aura |
| 4:03 | Scout Tower |
| 4:13 | Scout Tower |
| 4:14 | Scout Tower |
| 4:18 | Peasant |
| 4:18 | Peasant |
| 4:45 | Town Hall |
| 4:53 | Guard Tower |
| 4:56 | Arcane Tower |
| 5:08 | Peasant |
| 5:08 | Peasant |
| 5:27 | Scout Tower |
| 5:28 | Peasant |
| 5:28 | Guard Tower |
| 5:40 | Peasant |
| 5:42 | Scout Tower |
| 5:43 | Improved Masonry |
| 5:46 | Peasant |
| 5:57 | Guard Tower |
| 6:10 | Scout Tower |
| 6:13 | Scout Tower |
| 6:13 | Scout Tower |
| 6:19 | Guard Tower |
| 6:21 | Scout Tower |
| 6:21 | Scout Tower |
| 6:24 | Peasant |
| 6:26 | Peasant |
| 6:35 | Scout Tower |
| 6:36 | Scout Tower |
| 6:37 | Guard Tower |
| 6:53 | Guard Tower |
| 6:55 | Scout Tower |
| 6:55 | Scout Tower |
| 6:56 | Scout Tower |
| 6:56 | Scout Tower |
| 7:02 | Peasant |
| 7:04 | Guard Tower |
| 7:06 | Keep |
| 7:11 | Peasant |
| 7:27 | Summon Water Elemental |
| 7:35 | Peasant |
| 7:35 | Peasant |
| 7:38 | Town Hall |
| 7:40 | Guard Tower |
| 7:51 | Guard Tower |
| 7:53 | Scout Tower |
| 7:54 | Scout Tower |
| 8:04 | Guard Tower |
| 8:13 | Guard Tower |
| 8:23 | Peasant |
| 8:23 | Peasant |
| 8:23 | Peasant |
| 8:29 | Arcane Vault |
| 8:29 | Peasant |
| 8:30 | Peasant |
| 8:34 | Guard Tower |
| 8:40 | Scout Tower |
| 8:42 | Scout Tower |
| 8:43 | Scout Tower |
| 8:44 | Guard Tower |
| 8:47 | Arcane Vault |
| 8:50 | Scout Tower |
| 9:05 | Guard Tower |
| 9:06 | Scout Tower |
| 9:07 | Scout Tower |
| 9:08 | Scout Tower |
| 9:08 | Scout Tower |
| 9:20 | Scout Tower |
| 9:21 | Scout Tower |
| 9:23 | Guard Tower |
| 9:44 | Guard Tower |
| 9:46 | Peasant |
| 9:49 | Peasant |
| 9:51 | Scout Tower |
| 9:52 | Scout Tower |
| 10:02 | Scout Tower |
| 10:06 | Guard Tower |
| 10:28 | Guard Tower |
| 10:42 | Storm Bolt |
| 10:44 | Brilliance Aura |
| 10:59 | Peasant |
| 10:59 | Peasant |
| 10:59 | Peasant |
| 11:01 | Peasant |
| 11:01 | Peasant |
| 11:02 | Guard Tower |
| 11:11 | Guard Tower |
| 11:39 | Improved Lumber Harvesting |
| 12:47 | Castle |
| 13:20 | Scout Tower |
| 13:20 | Scout Tower |
| 13:21 | Scout Tower |
| 13:22 | Scout Tower |
| 13:22 | Scout Tower |
| Right click | 661 |
| Assign group | 358 |
| Select | 293 |
| Select group | 224 |
| Chat | 197 |
| Build/train/purchase | 173 |
| Resource trade | 99 |
| Misc. action | 35 |
| Use ability | 11 |
| Remove unit | 5 |
| Minimap ping | 1 |



| Scroll of Regeneration | 1 | 100 |
| total: | 1 | 100g |
| Peasant | 19 | 1425 | / | 0 |
| Rifleman | 10 | 2050 | / | 300 |
| Priest | 3 | 405 | / | 30 |
| total: | 32 | 3880g | / | 330w |
| Scout Tower | 1 | 30 | / | 20 |
| Arcane Tower | 1 | 70 | / | 50 |
| Blacksmith | 1 | 140 | / | 60 |
| Altar of Kings | 1 | 180 | / | 50 |
| Farm | 10 | 800 | / | 200 |
| Barracks | 2 | 320 | / | 120 |
| Lumber Mill | 1 | 120 | / | 0 |
| Arcane Vault | 1 | 130 | / | 30 |
| Town Hall | 1 | 385 | / | 205 |
| Arcane Sanctum | 1 | 150 | / | 140 |
| Keep | 1 | 320 | / | 210 |
| Castle | 1 | 360 | / | 210 |
| total: | 19 | 2255g | / | 825w |
| 0:03 | Peasant |
| 0:03 | Peasant |
| 0:24 | Blacksmith |
| 0:26 | Altar of Kings |
| 0:29 | Farm |
| 0:32 | Peasant |
| 0:38 | Peasant |
| 0:44 | Peasant |
| 1:04 | Barracks |
| 1:12 | Peasant |
| 1:27 | Peasant |
| 1:35 | Farm |
| 1:40 | Peasant |
| 1:41 | Peasant |
| 1:50 | Peasant |
| 2:05 | Rifleman |
| 2:09 | Peasant |
| 2:19 | Farm |
| 2:23 | Peasant |
| 2:24 | Peasant |
| 3:08 | Keep |
| 3:20 | Holy Light |
| 3:20 | Rifleman |
| 3:39 | Rifleman |
| 4:00 | Farm |
| 4:01 | Scout Tower |
| 4:03 | Farm |
| 4:22 | Black Gunpowder |
| 4:22 | Studded Leather Armor |
| 4:34 | Devotion Aura |
| 4:46 | Lumber Mill |
| 4:48 | Rifleman |
| 4:57 | Arcane Vault |
| 5:10 | Arcane Tower |
| 5:57 | Improved Lumber Harvesting |
| 6:06 | Holy Light |
| 6:14 | Peasant |
| 6:14 | Peasant |
| 6:14 | Peasant |
| 6:19 | Farm |
| 6:24 | Scroll of Regeneration |
| 6:44 | Siphon Mana |
| 7:06 | Town Hall |
| 7:23 | Rifleman |
| 7:24 | Rifleman |
| 7:50 | Refined Gunpowder |
| 7:51 | Farm |
| 7:57 | Long Rifles |
| 8:25 | Farm |
| 8:28 | Arcane Sanctum |
| 9:06 | Barracks |
| 9:12 | Banish |
| 9:26 | Castle |
| 9:35 | Rifleman |
| 10:10 | Devotion Aura |
| 10:14 | Rifleman |
| 10:15 | Priest |
| 10:15 | Priest |
| 10:25 | Peasant |
| 10:25 | Peasant |
| 10:25 | Peasant |
| 10:28 | Rifleman |
| 10:29 | Priest |
| 10:30 | Priest Adept Training |
| 10:52 | Rifleman |
| 11:08 | Reinforced Leather Armor |
| 11:21 | Farm |
| 11:21 | Farm |
| 11:31 | Siphon Mana |
| 12:21 | Imbued Gunpowder |
| 12:48 | Howl of Terror |
| 12:54 | Dragonhide Armor |
| 12:55 | Priest Master Training |
| Select group | 1971 |
| Right click | 1065 |
| Assign group | 344 |
| Select | 257 |
| Build/train/purchase | 77 |
| Chat | 59 |
| Misc. action | 34 |
| Use ability | 22 |
| Item give/drop | 4 |
| Esc | 1 |

| Scroll of Healing | 2 | 500 |
| Potion of Lesser Invulnerability | 1 | 150 |
| total: | 3 | 650g |
| Peon | 7 | 525 | / | 0 |
| Troll Headhunter | 11 | 1540 | / | 220 |
| Shaman | 6 | 780 | / | 120 |
| Troll Berserker | 1 | 140 | / | 20 |
| total: | 25 | 2985g | / | 360w |
| War Mill | 1 | 205 | / | 0 |
| Barracks | 1 | 180 | / | 50 |
| Orc Burrow | 5 | 800 | / | 200 |
| Altar of Storms | 1 | 180 | / | 50 |
| Voodoo Lounge | 1 | 130 | / | 30 |
| Spirit Lodge | 1 | 150 | / | 150 |
| Stronghold | 1 | 315 | / | 190 |
| Fortress | 2 | 650 | / | 380 |
| total: | 10 | 1645g | / | 480w |
| 0:02 | Peon |
| 0:02 | Peon |
| 0:09 | War Mill |
| 0:21 | Barracks |
| 0:33 | Orc Burrow |
| 0:37 | Peon |
| 1:03 | Altar of Storms |
| 1:11 | Peon |
| 1:31 | Troll Headhunter |
| 1:35 | Peon |
| 1:52 | Orc Burrow |
| 2:05 | Troll Headhunter |
| 2:19 | Black Arrow |
| 2:24 | Peon |
| 2:34 | Voodoo Lounge |
| 2:51 | Troll Headhunter |
| 3:10 | Troll Headhunter |
| 3:11 | Steel Ranged Weapons |
| 3:41 | Troll Headhunter |
| 3:53 | Troll Headhunter |
| 4:05 | Stronghold |
| 4:18 | Life Drain |
| 4:33 | Troll Headhunter |
| 4:50 | Orc Burrow |
| 4:52 | Orc Burrow |
| 5:37 | Black Arrow |
| 6:02 | Troll Headhunter |
| 6:28 | Fortress |
| 6:31 | Spirit Lodge |
| 6:33 | Steel Armor |
| 6:39 | Troll Regeneration |
| 7:23 | Scroll of Healing |
| 7:47 | Life Drain |
| 7:48 | Shaman Adept Training |
| 7:50 | Troll Headhunter |
| 8:09 | Troll Headhunter |
| 8:18 | Orc Burrow |
| 8:47 | Scroll of Healing |
| 9:06 | Berserker Upgrade |
| 9:06 | Shaman Master Training |
| 9:17 | Potion of Lesser Invulnerability |
| 9:45 | Troll Headhunter |
| 10:03 | Shaman |
| 10:07 | Thorium Ranged Weapons |
| 10:12 | Black Arrow |
| 10:23 | Troll Berserker |
| 10:35 | Peon |
| 10:41 | Shaman |
| 11:17 | Shaman |
| 11:31 | Shaman |
| 11:34 | Arcanite Ranged Weapons |
| 12:01 | Shaman |
| 12:29 | Shaman |
| 13:05 | Thorium Armor |
| Select group | 626 |
| Right click | 562 |
| Select | 214 |
| Misc. action | 169 |
| Assign group | 89 |
| Build/train/purchase | 57 |
| Use ability | 3 |
/ 0.6k
51 buildings @ 8.2k
/ 3.8k
| Peasant | 5 | 375 | / | 0 |
| Footman | 18 | 2430 | / | 0 |
| Rifleman | 3 | 615 | / | 90 |
| total: | 26 | 3420g | / | 90w |
| Altar of Kings | 1 | 180 | / | 50 |
| Barracks | 2 | 320 | / | 120 |
| Farm | 7 | 560 | / | 140 |
| Blacksmith | 1 | 140 | / | 60 |
| Lumber Mill | 1 | 120 | / | 0 |
| Arcane Sanctum | 1 | 150 | / | 140 |
| Keep | 1 | 320 | / | 210 |
| Castle | 1 | 360 | / | 210 |
| total: | 13 | 1470g | / | 510w |
| 0:05 | Altar of Kings |
| 0:13 | Barracks |
| 0:18 | Peasant |
| 0:19 | Peasant |
| 0:26 | Peasant |
| 0:45 | Farm |
| 1:29 | Blacksmith |
| 1:36 | Peasant |
| 1:47 | Farm |
| 2:06 | Footman |
| 2:15 | Peasant |
| 2:54 | Rifleman |
| 2:55 | Footman |
| 3:21 | Farm |
| 3:49 | Defend |
| 4:53 | Footman |
| 4:53 | Footman |
| 5:04 | Lumber Mill |
| 5:07 | Keep |
| 5:29 | Black Gunpowder |
| 5:47 | Iron Forged Swords |
| 5:50 | Footman |
| 5:52 | Footman |
| 5:58 | Farm |
| 6:06 | Farm |
| 6:44 | Farm |
| 6:55 | Farm |
| 7:05 | Rifleman |
| 7:05 | Footman |
| 7:07 | Footman |
| 8:07 | Barracks |
| 8:34 | Castle |
| 9:38 | Arcane Sanctum |
| 10:25 | Footman |
| 10:27 | Footman |
| 10:29 | Footman |
| 10:31 | Rifleman |
| 10:31 | Footman |
| 11:37 | Footman |
| 11:37 | Footman |
| 11:42 | Footman |
| 11:42 | Footman |
| 12:48 | Footman |
| 13:05 | Footman |
| Select | 145 |
| Right click | 109 |
| Build/train/purchase | 50 |
| Use ability | 1 |


| Wisp | 17 | 1020 | / | 0 |
| Archer | 7 | 910 | / | 70 |
| Hippogryph | 2 | 320 | / | 40 |
| Goblin Shredder | 1 | 375 | / | 100 |
| total: | 27 | 2625g | / | 210w |
| Moon Well | 6 | 1080 | / | 240 |
| Altar of Elders | 1 | 180 | / | 50 |
| Ancient of War | 1 | 150 | / | 60 |
| Ancient of Wonders | 1 | 90 | / | 30 |
| Tree of Life | 2 | 680 | / | 370 |
| Hunter's Hall | 1 | 210 | / | 100 |
| Ancient of Wind | 2 | 300 | / | 280 |
| Chimaera Roost | 3 | 420 | / | 570 |
| Tree of Ages | 1 | 320 | / | 180 |
| Tree of Eternity | 1 | 330 | / | 200 |
| total: | 17 | 3110g | / | 1700w |
| 0:03 | Wisp |
| 0:03 | Wisp |
| 0:03 | Wisp |
| 0:03 | Wisp |
| 0:35 | Moon Well |
| 0:48 | Altar of Elders |
| 0:51 | Wisp |
| 1:08 | Wisp |
| 1:16 | Ancient of War |
| 1:21 | Moon Well |
| 1:24 | Wisp |
| 1:25 | Wisp |
| 1:54 | Wisp |
| 2:01 | Ancient of Wonders |
| 2:02 | Wisp |
| 2:16 | Archer |
| 2:16 | Archer |
| 2:33 | Wisp |
| 2:33 | Wisp |
| 2:46 | Trueshot Aura |
| 2:48 | Archer |
| 3:14 | Tree of Ages |
| 3:46 | Tree of Life |
| 3:49 | Tree of Life |
| 4:00 | Archer |
| 4:00 | Archer |
| 4:05 | Moon Well |
| 4:25 | Scout |
| 4:37 | Hunter's Hall |
| 5:19 | Archer |
| 5:34 | Goblin Shredder |
| 5:50 | Tree of Eternity |
| 5:58 | Archer |
| 5:58 | Improved Bows |
| 6:13 | Ancient of Wind |
| 6:17 | Wisp |
| 6:24 | Wisp |
| 6:52 | Trueshot Aura |
| 6:55 | Strength of the Wild |
| 6:55 | Reinforced Hides |
| 6:59 | Wisp |
| 6:59 | Wisp |
| 7:00 | Wisp |
| 7:41 | Ancient of Wind |
| 8:29 | Chimaera Roost |
| 8:29 | Chimaera Roost |
| 8:29 | Chimaera Roost |
| 8:32 | Moon Well |
| 8:32 | Moon Well |
| 8:41 | Entangling Roots |
| 9:33 | Hippogryph |
| 9:34 | Hippogryph |
| 9:36 | Moon Well |
| Right click | 498 |
| Select | 125 |
| Build/train/purchase | 40 |
| Select group | 19 |
| Minimap ping | 7 |
| Assign group | 6 |
| Use ability | 5 |
| Misc. action | 4 |
| Item give/drop | 1 |
| Esc | 1 |

| Wisp | 13 | 780 | / | 0 |
| Archer | 7 | 910 | / | 70 |
| Huntress | 7 | 1365 | / | 140 |
| total: | 27 | 3055g | / | 210w |
| Ancient Protector | 2 | 270 | / | 160 |
| Altar of Elders | 1 | 180 | / | 50 |
| Ancient of War | 1 | 150 | / | 60 |
| Moon Well | 4 | 720 | / | 160 |
| Hunter's Hall | 1 | 210 | / | 100 |
| Tree of Life | 1 | 340 | / | 185 |
| Ancient of Lore | 1 | 155 | / | 145 |
| Tree of Ages | 1 | 320 | / | 180 |
| total: | 11 | 2025g | / | 860w |
| 0:08 | Altar of Elders |
| 0:12 | Ancient of War |
| 0:16 | Moon Well |
| 0:19 | Wisp |
| 0:29 | Wisp |
| 0:42 | Wisp |
| 1:00 | Wisp |
| 1:15 | Wisp |
| 1:31 | Archer |
| 1:34 | Archer |
| 1:36 | Wisp |
| 1:36 | Wisp |
| 1:55 | Moon Well |
| 2:07 | Archer |
| 2:22 | Force of Nature |
| 2:40 | Archer |
| 2:45 | Wisp |
| 2:46 | Wisp |
| 2:56 | Hunter's Hall |
| 3:27 | Archer |
| 3:59 | Entangling Roots |
| 4:06 | Moon Well |
| 4:37 | Tree of Life |
| 4:39 | Strength of the Moon |
| 4:40 | Huntress |
| 4:56 | Wisp |
| 4:56 | Wisp |
| 4:57 | Wisp |
| 4:57 | Wisp |
| 5:06 | Moon Well |
| 5:51 | Huntress |
| 5:51 | Huntress |
| 6:17 | Tree of Ages |
| 6:41 | Force of Nature |
| 7:19 | Huntress |
| 7:19 | Huntress |
| 7:20 | Archer |
| 7:44 | Moon Armor |
| 8:24 | Huntress |
| 8:24 | Archer |
| 8:30 | Ancient Protector |
| 8:32 | Ancient Protector |
| 9:22 | Improved Strength of the Moon |
| 9:22 | Improved Moon Armor |
| 9:25 | Huntress |
| 9:29 | Ancient of Lore |
| Right click | 331 |
| Select | 172 |
| Build/train/purchase | 36 |
| Use ability | 11 |
| Minimap ping | 6 |


| Peon | 4 | 300 | / | 0 |
| Grunt | 6 | 1200 | / | 0 |
| Troll Witch Doctor | 2 | 290 | / | 50 |
| total: | 12 | 1790g | / | 50w |
| Altar of Storms | 1 | 180 | / | 50 |
| Barracks | 1 | 180 | / | 50 |
| War Mill | 1 | 205 | / | 0 |
| Orc Burrow | 3 | 480 | / | 120 |
| Voodoo Lounge | 1 | 130 | / | 30 |
| Tauren Totem | 1 | 135 | / | 155 |
| Spirit Lodge | 1 | 150 | / | 150 |
| Beastiary | 1 | 145 | / | 140 |
| Stronghold | 1 | 315 | / | 190 |
| Fortress | 1 | 325 | / | 190 |
| total: | 10 | 1605g | / | 695w |
| 0:09 | Altar of Storms |
| 0:13 | Peon |
| 0:14 | Peon |
| 0:21 | Barracks |
| 0:28 | Pillage |
| 0:49 | War Mill |
| 1:04 | Peon |
| 1:20 | Orc Burrow |
| 2:02 | Peon |
| 2:23 | Orc Burrow |
| 2:27 | Grunt |
| 2:50 | Grunt |
| 3:25 | Stronghold |
| 3:37 | Mirror Image |
| 3:52 | Voodoo Lounge |
| 4:10 | Grunt |
| 5:05 | Orc Burrow |
| 5:07 | Grunt |
| 5:15 | Critical Strike |
| 6:00 | Tauren Totem |
| 6:11 | Spirit Lodge |
| 6:43 | Grunt |
| 7:21 | Fortress |
| 7:59 | Witch Doctor Adept Training |
| 8:00 | Troll Witch Doctor |
| 8:34 | Critical Strike |
| 8:38 | Feral Spirit |
| 9:14 | Troll Witch Doctor |
| 9:30 | Beastiary |
| 9:45 | Grunt |
| Right click | 248 |
| Select | 111 |
| Build/train/purchase | 27 |
| Use ability | 2 |
| Remove unit | 1 |
| Minimap ping | 1 |
⇛